cohdb
Replays
Latest Replays
All Replays
Popular Replays
Top Player Replays
Match Explorer
How It Works
Community
CoH3 Stats
Reddit
Sign in to upload your games and track your stats! →
Sign in with Steam
Match 45510581
Unlisted
Match 45510581
Overview
Messages
Build Orders
End
Kradschützen Motorcycle Team
Panzergrenadier Squad
Panzerpioneer Squad
250 Light Carrier
Panzerpioneer Squad
Selects Battlefield Espionage Battlegroup
Selects Intel Disruption Beacon
Construct Light Support Kompanie
Fire Support Elements
Panzerjäger Mechanized Group
Veteran Squad Leaders
2.5-tonne Medical Truck
Selects 250/3 Funkpanzerwagen
Pak 38 Anti-tank Gun Team
Selects Anti-Tank Incendiary Munitions
le.IG 18 Support Gun Team
Construct Panzerarmee Kommand
Pak 38 Mechanized Group
Combat Half-tracks
Panzer III L Medium Tank
Pak 38 Mechanized Group
Panzer III L Medium Tank
Selects Plunder
Selects Disruption Operation
Disruption Operation
Kanade
Amon Sapkowski
PvtBaker
FLYCAT
0
0
Comments
sign in to comment!
No comments posted yet!